 Dungeon Crawl Stone Soup version 0.26-a0-812-g31a745ddcd (webtiles) character file.

Game seed: 11241419395187147993

6519 kae the Transmogrifier (level 11, -10/61 HPs)
             Began as a Tengu Transmuter on Nov 16, 2020.
             Was a Believer of Hepliaklqana.
             Mangled by a skeletal warrior
             ... wielding a +0 halberd
              (21 damage)
             ... on level 9 of the Dungeon.
             The game lasted 00:09:37 (13016 turns).

kae the Transmogrifier (Tengu Transmuter)          Turns: 13016, Time: 00:09:38

Health: -10/61     AC:  8    Str: 13    XL:     11   Next: 0%
Magic:  12/16      EV: 30    Int: 14    God:    Hepliaklqana [**....]
Gold:   1517       SH:  0    Dex: 15    Spells: 7/16 levels left

rFire    . . .     SeeInvis .     - Unarmed
rCold    + . .     Faith    .   (shield currently unavailable)
rNeg     . . .     Spirit   .   c - +0 steam dragon scales
rPois    .         Reflect  .   b - +1 hat
rElec    .         Harm     .   j - +1 cloak
rCorr    .         Rampage  .   (gloves currently unavailable)
MR       .....                  (boots unavailable)
Stlth    +.........             r - amulet of the acrobat
HPRegen  0.20/turn              m - ring of wizardry
MPRegen  0.15/turn              t - ring of protection from cold

@: blade hands (expiring), acrobat, flying quickly and evasively, quick
A: reduced essence, beak, talons 3, able to fly
a: Stop Flying, End Transformation, Recall Ancestor, Ancestor Identity, Renounce
Religion


You were on level 9 of the Dungeon.
You worshipped Hepliaklqana.
Hepliaklqana was pleased with you.
You had blades for hands.
You visited 2 branches of the dungeon, and saw 10 of its levels.

You collected 1517 gold pieces.

Inventory:

Armour
 a - a +0 robe
 b - a +1 hat (worn)
 c - +0 steam dragon scales (worn)
 j - a +1 cloak (worn)
 B - a +0 pair of gloves (melded)
Jewellery
 m - a ring of wizardry (left scythe-like blade)
 r - an amulet of the acrobat (around neck)
 t - a ring of protection from cold (right scythe-like blade)
Wands
 v - a wand of enslavement (24)
 x - a wand of flame (13)
 A - a wand of digging (7)
Scrolls
 f - a scroll of blinking
 g - 5 scrolls of teleportation
 i - 2 scrolls of remove curse
 l - a scroll of amnesia
 u - 5 scrolls of immolation
 w - a scroll of fear
 y - a scroll of enchant weapon
Potions
 d - 2 potions of heal wounds
 e - 8 potions of lignification
 h - a potion of berserk rage {unknown}
 k - a potion of invisibility
 n - 4 potions of resistance {unknown}
 o - a potion of curing
 p - 3 potions of magic
 q - 3 potions of haste
 s - 2 potions of attraction


   Skills:
 + Level 7.7 Fighting
 - Level 2.1 Dodging
 + Level 9.5 Unarmed Combat
 - Level 3.0 Spellcasting
 * Level 9.9 Transmutations
 - Level 1.0 Poison Magic


You had 7 spell levels left.
You knew the following spells:

 Your Spells              Type           Power        Failure   Level
a - Beastly Appendage     Tmut           ####..       4%          1
b - Spider Form           Tmut/Pois      ###.......   16%         3
c - Blade Hands           Tmut           ####......   21%         5

Your spell library contained the following spells:

 Spells                   Type           Power        Failure   Level
 Wereblood                Tmut           ####....     4%          2
 Animate Skeleton         Necr           #.....       32%         1
 Apportation              Tloc           #.....       32%         1
 Corona                   Hex            #......      32%         1
 Freeze                   Ice            #...         32%         1
 Shock                    Conj/Air       #...         32%         1
 Summon Small Mammal      Summ           #...         32%         1
 Poisonous Vapours        Pois/Air       #.....       36%         2
 Ice Form                 Ice/Tmut       ###.....     38%         4
 Slow                     Hex            #.......     41%         2
 Swiftness                Air            #.......     41%         2
 Mephitic Cloud           Conj/Pois/Air  #.......     54%         3
 Dazzling Flash           Conj/Hex       #.....       58%         3
 Frozen Ramparts          Ice            #.....       58%         3
 Static Discharge         Conj/Air       #.......     58%         3
 Summon Guardian Golem    Hex/Summ       #.......     58%         3
 Alistair's Intoxication  Tmut/Pois      ###......    58%         5
 Olgreb's Toxic Radiance  Pois           #.......     77%         4
 Airstrike                Air            #.........   87%         4
 Borgnjor's Vile Clutch   Necr/Erth      #.........   99%         5
 Lightning Bolt           Conj/Air       #.........   99%         5
 Ozocubu's Refrigeration  Ice            #.........   100%        6


Dungeon Overview and Level Annotations

Branches:
Dungeon (9/15)             Temple (1/1) D:6
   Lair: D:8-11         Orc: D:9-12

Altars:
Ashenzari
Cheibriados
Dithmenos
Elyvilon
Fedhas
Gozag
Hepliaklqana
Kikubaaqudgha
Makhleb
Nemelex Xobeh
Okawaru
Qazlal
Ru
Sif Muna
Trog
Uskayaw
Vehumet
Wu Jian
Xom
Yredelemnul
Zin
The Shining One


Innate Abilities, Weirdness & Mutations

You have a beak for a mouth.
You have claws for feet.
You can fly continuously.
Your life essence is reduced to manifest your ancestor. (-10% HP)


Message History

You hit the skeletal warrior. Your kick misses the skeletal warrior.
The skeletal warrior is lightly damaged.
Your transformation is almost over.
The skeletal warrior misses you.
You hit the skeletal warrior.
You claw the skeletal warrior, but do no damage.
The skeletal warrior is lightly damaged.
The skeletal warrior hits you with a +0 halberd!!
You hit the skeletal warrior. Your peck misses the skeletal warrior.
You slash the skeletal warrior, but do no damage.
The skeletal warrior is lightly damaged.
You slice the skeletal warrior!! You claw the skeletal warrior.
Your peck misses the skeletal warrior.
The skeletal warrior is heavily damaged.
The skeletal warrior hits you with a +0 halberd!!
* * * LOW HITPOINT WARNING * * *
You swap places.
Xiuhtonal hits the skeletal warrior but does no damage.
The skeletal warrior hits you from afar with a +0 halberd!!
You die...

#≈≈≈. #≈≈≈.≈.
##≈≈§...≈ #§§§.≈.≈.
### ###≈§§§.≈.. ##.##
#.'.§§§≈.≈. #...##
#.'.§§§.⌠.≈
###.#.####.')§≈.≈.§.
##.#....@Rzz#≈≈...§..
#......######≈≈≈.≈.≈.
##...### ##≈≈≈.z.≈
#...#.## #≈≈≈z≈.
##.....# #≈§§.§
#.....## #§§≈§
#......# #≈≈≈
##.##.## #≈≈ ###..##


You could see the friendly Xiuhtonal the hexer and 2 skeletal warriors.

Vanquished Creatures
  2 two-headed ogres (D:9)
  A skeletal warrior (D:9)
  A manticore (D:9)
  A troll (D:9)
  Eustachio (D:5)
  Sigmund (D:5)
  A steam dragon (D:9)
  Edmund (D:5)
  A water moccasin (D:7)
  Duvessa (D:5)
  An eye of draining (D:9)
  2 orc warriors
  3 sky beasts
  3 phantoms
  A black bear (D:8)
  2 ogres
  4 centaurs
  2 big kobolds (D:8)
  6 bullfrogs
  Dowan (D:5)
  8 wights (D:9)
  A howler monkey (D:7)
  An electric eel (D:8)
  A centaur zombie (D:5)
  2 hounds
  An orc priest (D:5)
  3 jellies
  9 orc wizards
  2 bullfrog skeletons
  4 iguanas
  3 worker ants
  A killer bee zombie (D:9)
  11 adders
  A gnoll (D:1)
  3 shadow imps
  2 white imps
  An ufetubus (D:9)
  3 oozes
  3 worms
  5 dart slugs
  2 leopard geckos
  25 orcs
  3 ball pythons
  5 giant cockroaches
  7 goblins
  5 hobgoblins
  3 jackals (D:1)
  20 kobolds
  3 quokkas
  7 bats
  4 frilled lizards
  A leopard gecko skeleton (D:4)
  A quokka zombie (D:9)
  7 rats
194 creatures vanquished.

Vanquished Creatures (others)
  8 plants (D:8)
8 creatures vanquished.

Grand Total: 202 creatures vanquished

Notes
Turn   | Place    | Note
-------+----------+-------------------------------------------
     0 | D:1      | kae the Tengu Transmuter began the quest for the Orb.
     0 | D:1      | Reached XP level 1. HP: 12/12 MP: 4/4
   149 | D:1      | Reached XP level 2. HP: 10/16 MP: 4/6
   403 | D:1      | Reached XP level 3. HP: 18/20 MP: 5/7
   681 | D:1      | HP: 1/20 [kobold (2)]
  2017 | D:2      | Reached XP level 4. HP: 23/25 MP: 6/8
  2032 | D:2      | Learned a level 3 spell: Spider Form
  2221 | D:2      | Found a basalt altar of Yredelemnul.
  2787 | D:2      | Gained mutation: You can fly continuously. [Tengu growth]
  2787 | D:2      | Reached XP level 5. HP: 25/29 MP: 7/9
  3040 | D:2      | Found a radiant altar of Vehumet.
  3201 | D:3      | Found a snail-covered altar of Cheibriados.
  4186 | D:4      | Found a shadowy altar of Dithmenos.
  4393 | D:4      | Reached XP level 6. HP: 30/35 MP: 8/10
  4582 | D:4      | Noticed a phantom
  4600 | D:4      | Killed a phantom
  4600 | D:4      | Reached skill level 5 in Unarmed Combat
  4600 | D:4      | Reached skill level 1 in Poison Magic
  4959 | D:5      | Entered Level 5 of the Dungeon
  4959 | D:5      | Noticed Eustachio
  4989 | D:5      | Noticed Edmund
  5008 | D:5      | Killed Edmund
  5008 | D:5      | Reached XP level 7. HP: 15/40 MP: 6/11
  5409 | D:5      | Noticed Dowan
  5633 | D:5      | Killed Eustachio
  5633 | D:5      | Reached skill level 5 in Transmutations
  6105 | D:5      | Reached XP level 8. HP: 37/46 MP: 9/12
  6330 | D:5      | Noticed Sigmund
  6347 | D:5      | Killed Sigmund
  6497 | D:6      | Learned a level 5 spell: Blade Hands
  6603 | D:6      | Found a staircase to the Ecumenical Temple.
  6656 | Temple   | Entered the Ecumenical Temple
  6712 | Temple   | Became a worshipper of Hepliaklqana the Forgotten
  7274 | D:6      | Found a glowing silver altar of Zin.
  7274 | D:6      | Found a glowing golden altar of the Shining One.
  7275 | D:6      | Found a white marble altar of Elyvilon.
  7357 | D:6      | Found a blossoming altar of Fedhas.
  7542 | D:6      | Found an ornate altar of the Wu Jian Council.
  7638 | D:5      | Killed Dowan
  7653 | D:5      | Noticed Duvessa
  7905 | D:5      | Killed Duvessa
  8141 | D:7      | Reached XP level 9. HP: 45/47 MP: 11/13
  8172 | D:7      | Reached skill level 5 in Fighting
  9103 | D:8      | Reached * piety under Hepliaklqana
  9317 | D:8      | Identified the Catalogue of Fetching Ice
  9809 | D:8      | Found a broken altar of Ashenzari.
 10252 | D:8      | Identified the Reference Book on Toxic Black Rituals
 10260 | D:8      | Found a blossoming altar of Fedhas.
 10260 | D:8      | Found a sacrificial altar of Ru.
 10731 | D:8      | Identified a scroll of acquirement
 10731 | D:8      | Acquired 741 gold pieces
 10801 | D:9      | Noticed a troll
 10806 | D:9      | Noticed a two-headed ogre
 10808 | D:9      | Killed a troll
 11018 | D:9      | Found a hide-covered altar of Uskayaw.
 11018 | D:9      | Noticed a +0 hand axe
 11018 | D:9      | Noticed a +0 dagger
 11375 | D:9      | Noticed a manticore
 11384 | D:9      | Killed a manticore
 11384 | D:9      | Reached XP level 10. HP: 24/54 MP: 10/15
 12165 | D:9      | Killed a two-headed ogre
 12270 | D:9      | Noticed a two-headed ogre
 12276 | D:9      | Killed a two-headed ogre
 12840 | D:9      | Reached ** piety under Hepliaklqana
 12856 | D:9      | Noticed a skeletal warrior
 12868 | D:9      | Killed a skeletal warrior
 12868 | D:9      | Reached XP level 11. HP: 36/61 MP: 11/16
 12870 | D:9      | Remembered your ancestor Xiuhtonal as a hexer
 12990 | D:9      | Noticed a skeletal warrior
 12990 | D:9      | Noticed a skeletal warrior
 13016 | D:9      | Mangled by a skeletal warrior

Illustrated notes

Levels and vault maps discovered:
D:1:      minmay_arrival_stair_chambers, layout_loops_ring
D:2:      layout_basic, yredelemnul_altar_generic, marbit_many_paths
D:3:      layout_basic, cheibriados_altar_1
D:4:      layout_rooms, grunt_dithmenos_shadows
D:5:      layout_cave_pods, uniq_sigmund, uniq_eustachio, uniq_duvessa,
          uniq_edmund
D:6:      layout_loops_ring, good_gods_mini_temple, kennysheep_mini,
          minmay_temple_entry_hall, nicolae_benzene_ring,
          fedhas_altar_fruit_tree
D:7:      layout_loops_ring
D:8:      layout_loops_ring, nicolae_ashenzari_panopticon,
          gammafunk_temple_overflow_pools, serial_bayou_lagoon_a,
          grunt_decor_resistance
D:9:      minmay_the_grid_square_5x5_3x3 [minmay_the_grid_square_5x5_bite,
          minmay_the_grid_square_5x5_tetrominoes,
          minmay_the_grid_square_5x5_bracketed,
          minmay_the_grid_square_5x5_trominoes,
          minmay_the_grid_square_5x5_megaprize_hollow,
          minmay_the_grid_square_5x5_tri_point, minmay_the_grid_square_5x5_tie,
          minmay_the_grid_square_5x5_fat_x, minmay_the_grid_square_5x5_forky],
          layout_cross, dancing_weapons_uskayaw, serial_column_ruins,
          column_ruins_grid_1, column_ruins_grid_1, column_ruins_grid_1,
          column_ruins_open_large, column_ruins_open_small,
          kennysheep_cluttered_room
Temple:   eino_temple_lava

Skill      XL: |  1  2  3  4  5  6  7  8  9 10 |
---------------+-------------------------------+-----
Transmutations | 2 3 4 5 7 8 9 |  9.9
Unarmed Combat | 4 5 7 8 9 |  9.5
Fighting       | 2 3 4 6 7 |  7.7
Poison Magic   | 1 |  1.0
Spellcasting   | 3 |  3.0
Dodging        | |  2.1

Action                   |  1- 3 |  4- 6 |  7- 9 | 10-12 || total
-------------------------+-------+-------+-------+-------++-------
Melee: Unarmed           |    81 |   141 |   284 |    99 ||   605
       Headbutt          |    10 |    13 |    14 |       ||    37
       Peck              |     7 |    15 |    29 |     6 ||    57
       Kick              |    17 |    26 |    57 |    25 ||   125
       Punch             |     3 |     3 |     5 |     3 ||    14
 Cast: Beastly Appendage |    18 |    29 |    17 |       ||    64
       Spider Form       |       |     3 |    14 |       ||    17
       Blade Hands       |       |       |     6 |    11 ||    17
Invok: Recall Ancestor   |       |       |       |     1 ||     1
       Ancestor Life: He |       |       |       |     1 ||     1
 Abil: Fly               |       |     1 |       |       ||     1
Evoke: Wand              |       |     1 |       |     2 ||     3
  Use: Potion            |       |     2 |     1 |     1 ||     4
       Scroll            |       |       |    24 |       ||    24
 Stab: Sleeping          |       |     3 |     1 |       ||     4
Armor: Robe              |    19 |    13 |    22 |    18 ||    72
       Skin              |       |       |     3 |       ||     3
       Steam dragon scal |       |       |       |     3 ||     3
Dodge: Dodged            |    49 |    82 |   205 |    79 ||   415

Table legend: (Time is in decaauts)
 A = Elapsed time spent in this place.
 B = Non-inter-level travel time spent in this place.
 C = Inter-level travel time spent in this place.
 D = Time resting spent in this place.
 E = Time spent auto-exploring this place.
 F = Levels seen in this place.
 G = Mean time per level.
                   A        B        C        D        E       F      G
               +--------+--------+--------+--------+--------+-----+--------+
         Total |  12505 |  12126 |    379 |   2532 |   8082 |  10 | 1250.5 |
       Dungeon |  12447 |  12075 |    372 |   2532 |   8042 |   9 | 1383.0 |
        Temple |     58 |     51 |      7 |      0 |     39 |   1 |   58.0 |
               +--------+--------+--------+--------+--------+-----+--------+

Top non-repeatable levels by time:
     D:8: 2407 daAuts
     D:5: 1944 daAuts
     D:1: 1915 daAuts
     D:9: 1353 daAuts
     D:2: 1213 daAuts
     D:6: 957 daAuts
     D:3: 926 daAuts
     D:7: 918 daAuts
     D:4: 810 daAuts
  Temple: 58 daAuts
